 Dungeon Crawl Stone Soup version 0.23.2-40-g277498a (webtiles) character file.

Game seed: 16869528689635323253

54 Caman46 the Firebug (level 3, 0/19 HPs)
             Began as a Deep Elf Fire Elementalist on Sept 10, 2019.
             Was a Follower of Cheibriados.
             Slain by an orc
             ... wielding a +0 whip
              (6 damage)
             ... on level 3 of the Dungeon.
             The game lasted 00:12:42 (2029 turns).

Caman46 the Firebug (Deep Elf Fire Elementalist)    Turns: 2029, Time: 00:12:42

Health: 0/19       AC:  2    Str:  7    XL:     3   Next: 66%
Magic:  9/9        EV: 13    Int: 22    God:    Cheibriados [*.....]
Gold:   133        SH:  0    Dex: 17    Spells: 4/8 levels left

rFire    . . .     SeeInvis .   j - +2 dagger (drain)
rCold    . . .     Gourm    .   (no shield)
rNeg     . . .     Faith    .   a - +0 robe
rPois    .         Spirit   .   (no helmet)
rElec    .         Reflect  .   (no cloak)
rCorr    .         Harm     .   (no gloves)
MR       .....                  (no boots)
Stlth    ++........             (no amulet)
HPRegen  0.06/turn              (no ring)
MPRegen  0.11/turn              (no ring)

@: very slow
A: no striking features
a: Bend Time, Renounce Religion


You were on level 3 of the Dungeon.
You worshipped Cheibriados.
Cheibriados was aware of your devotion.
You were very full.

You visited 1 branch of the dungeon, and saw 3 of its levels.

You collected 133 gold pieces.

Inventory:

Hand Weapons
 j - a +2 dagger of draining (weapon)
Missiles
 e - 2 stones
 h - 6 tomahawks (quivered)
Armour
 a - a +0 robe (worn)
 d - a +0 leather armour
Scrolls
 g - a scroll of identify {unknown}
 i - 3 scrolls of enchant armour {unknown}
 k - a scroll of teleportation {unknown}
Potions
 c - a potion of degeneration {unknown}
 f - a potion of brilliance {unknown}
Comestibles
 b - 2 chunks of flesh


   Skills:
 + Level 2.8 Dodging
 + Level 3.0 Stealth
 + Level 3.3 Spellcasting
 * Level 2.2 Conjurations
 * Level 4.0 Fire Magic


You had 4 spell levels left.
You knew the following spells:

 Your Spells              Type           Power        Failure   Level  Hunger
a - Flame Tongue          Conj/Fire      ###..        3%          1    None
b - Conjure Flame         Conj/Fire      ###.....     10%         3    ###....

Your spell library contained the following spells:

 Spells                   Type           Power        Failure   Level  Hunger
 Throw Flame              Conj/Fire      ###...       4%          2    ##.....
 Inner Flame              Hex/Fire       ##......     16%         3    ###....
 Sticky Flame             Conj/Fire      ###.....     32%         4    ####...
 Fireball                 Conj/Fire      ###.......   67%         5    ######.


Dungeon Overview and Level Annotations

Branches:
Dungeon (3/15)

Altars:
Cheibriados

Annotations:
D:3 Sigmund


Message History

Okay, then.
Found a stone staircase leading down.
You open the door.
There is an open door here.
You enter the shallow water.
Moving in this stuff is going to be slow. 2 orcs come into view.
The orc shouts!
You hear a shout!
An orc priest comes into view. It is wielding a +0 dagger.
Sigmund the Dreaded comes into view.
He is wielding a +0 scythe.
The floor.
There is an open door here.
The orc completely misses you. The orc hits you with a +0 whip.
The orc closely misses you.
The orc priest calls down the wrath of Beogh upon you.
Beogh smites you!
Ouch! That really hurt!
The orc hits you with a +0 whip.
You die...

######### ≈≈. #.@o..o.#
≈.. #<#####.# ... #.#
#.# ..≈ #.# #.#
#≈###### #.# #o#
#≈≈≈≈≈≈# ..# #.#
#♣.♣##...≈##########.##
.........o'.# #...).#
#♣.♣##...≈#.#####.....#


You could see an orc priest and an orc.

Vanquished Creatures
  An adder (D:2)
  A worm (D:2)
  A dart slug (D:2)
  2 leopard geckos
  An orc (D:3)
  A ball python (D:1)
  5 bats
  2 bat skeletons (D:2)
  2 giant cockroaches (D:2)
  6 goblins
  3 hobgoblins (D:1)
  A frilled lizard (D:2)
  7 kobolds
  A leopard gecko zombie (D:2)
  4 rats
38 creatures vanquished.

Notes
Turn   | Place    | Note
-------+----------+-------------------------------------------
     0 | D:1      | Caman46 the Deep Elf Fire Elementalist began the quest for
                  | the Orb.
     0 | D:1      | Reached XP level 1. HP: 10/10 MP: 6/6
   315 | D:1      | Reached XP level 2. HP: 14/15 MP: 4/8
   893 | D:2      | Reached XP level 3. HP: 19/19 MP: 5/9
  1085 | D:2      | Reached skill level 4 in Fire Magic
  1380 | D:2      | Learned a level 3 spell: Conjure Flame
  1654 | D:2      | Found a faded altar of an unknown god.
  1674 | D:2      | Became a worshipper of Cheibriados the Contemplative
  1674 | D:2      | Reached * piety under Cheibriados
  2005 | D:3      | Noticed Sigmund
  2029 | D:3      | Slain by an orc

Skill      XL: |  1  2  3 |
---------------+----------+-----
Conjurations   | 2 |  2.2
Fire Magic     | 4 |  4.0
Stealth        | 3 |  3.0
Dodging        | |  2.8
Spellcasting   | |  3.3

Action                   || total
-------------------------++-------
Melee: Unarmed           ||     3
       Dagger            ||     1
Throw: Stone             ||     3
       Tomahawk          ||     7
 Cast: Flame Tongue      ||    69
  Eat: Ration            ||     3
Armor: Robe              ||     7
Dodge: Dodged            ||    24
